Map: Pylon LE

Players

ManlyManMeat - Winner!

  • Race: Zerg Zerg
  • League: Diamond
  • Spawn Location: 11:00

Evolfinale

  • Race: Protoss Protoss
  • League: Diamond
  • Spawn Location: 5:00

VOD

Have the link to the VOD?

Description

Time

  • Played on: July 12, 2025, 5:35 p.m.
  • Length: 8:09
Show
View Real Time Build Order
Export as new Build Order

ManlyManMeat Zerg - Winner!

Build Orders: Hatch First 

Get SALT Encoding   

  12  0:00  Drone  
  13  0:07  Drone  
  14  0:14  Extractor  
  14  0:15  Drone  
  15  0:21  Overlord  
  15  0:40  Drone  
  16  0:47  Hatchery  
  15  0:50  Drone  
  15  0:55  Drone  
  17  0:58  Drone  
  18  1:07  Extractor  
  17  1:23  Drone x2  
  19  1:50  Drone x3  
  22  2:03  Drone x2  
  22  2:04  Spawning Pool  
  23  2:21  Drone x3  
  26  2:23  Drone  
  25  2:50  Drone x2  
  27  2:51  Overlord  
  27  2:52  Zergling x2  
  28  3:08  Overlord  
  28  3:24  Queen  
  30  3:28  Zergling x2  
  30  3:30  Zergling x2  
  32  3:35  Hatchery  
  32  3:36  Baneling Nest  
  32  3:38  Zergling x2  
  32  3:39  Zergling x2  
  32  3:47  Zergling x8  
  36  3:50  Zergling x2  
  37  3:58  Queen  
  37  4:01  Drone  
  40  4:07  Overlord  
  40  4:23  Overlord x2  
  40  4:30  Baneling x6  
  40  4:38  Drone x3, Extractor  
  42  4:41  Drone x3, Extractor  
  42  4:45  Baneling  
  41  4:58  Zergling x12  
  46  5:11  Zergling x2  
  46  5:12  Zergling x10  
  51  5:17  Baneling  
  51  5:18  Baneling  
  51  5:21  Baneling  
  51  5:22  Baneling  
  51  5:27  Zergling x10  
  54  5:35  Zergling x4  
  52  5:45  Zergling x4  
  53  5:50  Zergling x4  
  53  5:56  Zergling x2  
  56  6:01  Zergling x4  
  50  6:21  Zergling x10  
  50  6:22  Zergling x2  
  50  6:24  Drone  
  55  6:27  Lair  
  55  6:32  Metabolic Boost  
  53  6:35  Baneling x3  
  53  6:36  Baneling x8  
  53  6:37  Baneling x5  
  53  6:38  Zergling x2  
  54  6:46  Queen  
  48  7:05  Zergling x16  
  49  7:48  Baneling x9  
Show
View Real Time Build Order
Export as new Build Order

Evolfinale Protoss 

Build Orders: Cannon Rush 

Get SALT Encoding   

  1  0:00  Probe  
  12  0:05  Probe  
  14  0:15  Probe  
  15  0:25  Pylon  
  15  0:43  Probe  
  15  0:44  Forge  
  16  0:51  Pylon  
  16  0:55  Probe  
  17  1:12  Gateway  
  17  1:21  Photon Cannon  
  17  1:27  Photon Cannon  
  17  1:36  Photon Cannon  
  17  1:40  Photon Cannon  
  17  1:42  Photon Cannon  
  17  1:50  Photon Cannon  
  17  1:55  Probe  
  18  2:05  Photon Cannon, Zealot  
  18  2:14  Photon Cannon  
  19  2:19  Photon Cannon  
  19  2:22  Photon Cannon  
  18  2:32  Probe  
  19  2:54  Nexus  
  17  3:07  Cybernetics Core  
  17  3:11  Gateway  
  17  3:17  Probe, Assimilator  
  18  3:31  Photon Cannon  
  18  3:37  Probe  
  19  3:45  Probe  
  19  3:48  Assimilator  
  19  3:54  Probe  
  20  3:58  Zealot  
  23  4:06  Probe  
  23  4:08  Shield Battery  
  24  4:14  Probe  
  24  4:19  Probe  
  24  4:22  Probe  
  26  4:31  Probe  
  28  4:32  Probe  
  28  4:35  Zealot  
  31  4:43  Probe  
  31  4:44  Probe  
  33  4:49  Photon Cannon  
  30  5:02  Probe x2  
  32  5:08  Photon Cannon  
  32  5:10  Pylon  
  32  5:11  Zealot  
  34  5:27  Photon Cannon  
  34  5:28  Probe  
  34  5:29  Probe  
  34  5:33  Stargate  
  34  5:37  Shield Battery  
  33  5:49  Probe x2  
  32  5:56  Gateway  
  24  6:11  Photon Cannon  
  20  6:21  Probe  
  20  6:25  Probe  
  16  6:29  Probe  
  13  6:37  Probe  
  13  6:38  Probe  
  15  6:45  Probe  
  15  6:46  Probe  
  16  6:53  Probe  
  18  6:54  Probe  
  20  7:03  Probe  
  21  7:12  Pylon  
  21  7:13  Pylon  
  19  7:18  Zealot  
  20  7:32  Pylon  
  20  7:34  Probe  
Tags
 
Add a new tag
Caveats
  • Supply blocks, unpowered buildings, or Contaminate may cause inaccurate times.
  • Supply counts are checked every 10 seconds.